 Dungeon Crawl Stone Soup version 0.30-a0-743-gbfdf073431 (webtiles) character file.

Game seed: 7162847519388554728

8829 DEFE the Myrmidon (level 11, -2/144 HPs)
             Began as a Demonspawn Wanderer on Feb 7, 2023.
             Was an Elder of Okawaru.
             Slain by an orc knight
             ... wielding a +0 dire flail
              (13 damage)
             ... on level 10 of the Dungeon.
             The game lasted 00:13:32 (12378 turns).

DEFE the Myrmidon (Demonspawn Wanderer)            Turns: 12378, Time: 00:13:33

Health: -2/144     AC: 29    Str: 15    XL:     11   Next: 15%
Magic:  17/19      EV:  2    Int: 20    God:    Okawaru [****..]
Gold:   383        SH:  0    Dex: 16    Spells: 15/16 levels left

rFire   + . .      SeeInvis .    M - +2 glaive (drain)
rCold   . . .      Faith    .    (shield currently unavailable)
rNeg    . . .      Spirit   .    (body armour currently unavailable)
rPois   +          Reflect  .    (helmet currently unavailable)
rElec   .          Harm     .    (cloak currently unavailable)
rCorr   .          Rampage  .    (gloves currently unavailable)
Will    .....      NoTele   +    (boots currently unavailable)
Stlth   +++                      P - amulet of the acrobat
HPRegen 0.44/turn                v - ring of Circularity {rF+ Int+6 Dex+2 Stlth-}
MPRegen 0.16/turn                H - +4 ring of protection

@: brilliant, tree-form, heroic
A: stationary, stasis, torment immunity, boosted hp, (antennae 2), rugged brown
scales 2, powered by death 2, mutation resistance 1, sense surroundings 1
a: Renounce Religion, Heroism, Finesse


You were on level 10 of the Dungeon.
You worshipped Okawaru.
Okawaru was greatly pleased with you.
You were a tree.
You visited 1 branch of the dungeon, and saw 10 of its levels.
You also visited: Ossuary.

You collected 560 gold pieces.
You spent 177 gold pieces at shops.

Inventory:

Hand Weapons
 a - a +2 dagger
 p - a +0 glaive
 s - a +2 whip of venom
 L - the +8 mace of Defiance {freeze, Dex+3}
   (You found it on level 6 of the Dungeon)

   Dex:       It affects your dexterity (+3).
 M - a +2 glaive of draining (weapon)
Missiles
 l - a throwing net
Armour
 e - a +0 robe
 h - a +0 chain mail (melded)
 r - a +0 pair of gloves (melded)
 I - a +0 ring mail
 R - a +0 cloak (melded)
Jewellery
 q - a ring of magical power
 v - the ring of Circularity (left branch) {rF+ Int+6 Dex+2 Stlth-}
   (You bought it in a shop on level 3 of the Dungeon)

   [ring of intelligence]

   Int:       It affects your intelligence (+6).
   Dex:       It affects your dexterity (+2).
   rF:        It protects you from fire.
   Stlth:     It makes you less stealthy.
 E - a ring of fire
 H - a +4 ring of protection (right branch)
 O - a ring of poison resistance
 P - an amulet of the acrobat (around neck)
Wands
 d - a wand of polymorph (17)
 z - a wand of iceblast (19)
 N - a wand of flame (39)
 S - a wand of paralysis (6)
Scrolls
 b - 2 scrolls of amnesia
 f - 3 scrolls of butterflies {unknown}
 g - 3 scrolls of noise
 i - 2 scrolls of poison {unknown}
 j - 2 scrolls of silence {unknown}
 k - 2 scrolls of enchant weapon {unknown}
 n - a scroll of enchant armour {unknown}
 o - a scroll of vulnerability
 u - 4 scrolls of teleportation
 y - 2 scrolls of brand weapon
 C - 3 scrolls of immolation
 F - 2 scrolls of magic mapping {unknown}
 K - 3 scrolls of identify
Potions
 c - a potion of attraction {unknown}
 m - a potion of resistance
 t - 2 potions of mutation
 w - 3 potions of brilliance
 x - 3 potions of curing
 A - a potion of heal wounds {unknown}
 B - 2 potions of lignification
 D - a potion of ambrosia
 G - a potion of might {unknown}
 J - 3 potions of degeneration {unknown}
 Q - a potion of flight
 T - a potion of cancellation {unknown}


   Skills:
 + Level 10.8(15.8) Fighting
 + Level 3.5(11.8) Axes
 + Level 9.1(14.4) Polearms
 - Level 1.0(6.0) Dodging
 - Level 2.6(7.6) Stealth
 - Level 3.0 Spellcasting
 + Level 10.9 Invocations
 - Level 3.0 Evocations


You had 15 spell levels left.
You knew the following spells:

 Your Spells              Type           Power      Damage    Failure   Level
a - Beastly Appendage     Tmut           8%         N/A       14%         1

Your spell library contained the following spells:

 Spells                   Type           Power      Damage    Failure   Level
 Freeze                   Ice            16%        1d4       14%         1
 Blink                    Tloc           8%         N/A       22%         2
 Lesser Beckoning         Tloc           8%         N/A       22%         2
 Momentum Strike          Conj/Tloc      8%         3d8       22%         2
 Dazzling Flash           Conj/Hex       8%         N/A       38%         3
 Frozen Ramparts          Ice            8%         1d2       38%         3
 Hailstorm                Conj/Ice       4%         3d4       38%         3
 Inner Flame              Hex/Fire       4%         N/A       38%         3
 Spider Form              Tmut/Pois      4%         N/A       38%         3
 Flame Wave               Conj/Fire      4%         2d5       80%         4
 Iskenderun's Mystic Bla  Conj/Tloc      4%         2d3       80%         4
 Sticky Flame             Conj/Fire      4%         2d3       80%         4
 Starburst                Conj/Fire      2%         6d3       100%        6


Dungeon Overview and Level Annotations

Branches:
Dungeon (10/15)            Temple (0/1) D:5            Lair (0/5) D:8
    Orc (0/2) D:9         Ossuary (visited)

Altars:
Ashenzari
Dithmenos
Fedhas
Gozag
Hepliaklqana
Kikubaaqudgha
Okawaru
Qazlal
Ru
Vehumet
Wu Jian
Xom
Yredelemnul

Shops:
D:3 :*   D:4 :   D:5 *   D:9 *(*

Annotations:
D:2 1 runed translucent door, Crazy Yiuf, Natasha
D:3 exclusion: oklob plant
D:6 2 transporters
D:7 2 transporters, Vildbasse's ghost, novice MiFi
D:8 2 transporters


Innate Abilities, Weirdness & Mutations

You are a tree.
Your roots penetrate the ground, keeping you stationary.
You cannot be teleported.
You are immune to unholy pain and torment.
Your maximum health is greatly increased.
Your equipment is partially melded.
((You have a pair of antennae on your head.))
(You are mostly covered in rugged brown scales. (AC +2, +5% HP))
You regenerate health from kills.
You are somewhat resistant to further mutation.
You passively map a small area around you.


Message History

Okay, then.
As you read the scroll of teleportation, it crumbles to dust.
You feel strangely unstable.
The orc wizard hits you but does no damage.
The orc knight hits you with a +0 dire flail.
* * * LOW HITPOINT WARNING * * *
The orc closely misses you. The orc hits you but does no damage.
The orc wizard hits you but does no damage.
You take 4 damage, and have 12/96 hp.
Unknown command.
Unknown command.
It was a potion of lignification.
You turn into a tree.
Your +0 cloak melds into your body.
Your +0 pair of gloves melds into your body.
Your +0 chain mail melds into your body.
Your roots penetrate the ground.
You feel strangely stable.
The orc wizard hits you with a +0 dagger.
* * * LOW HITPOINT WARNING * * *
The orc knight hits you but does no damage.
The orc hits you but does no damage. x2
The orc wizard hits you but does no damage.
You now have 17/144 hp.
Unknown command.
Unknown command.
Unknown command.
You hit the orc knight but do no damage.
The orc no longer looks unusually strong.
The orc wizard hits you but does no damage.
The orc knight hits you but does no damage.
The orc wizard hits you but does no damage.
The orc hits you but does no damage. The orc hits you with a +0 hand axe!
* * * LOW HITPOINT WARNING * * *
You take 6 damage, and have 11/144 hp.
Unknown command.
Unknown command.
Unknown command.
You barely miss the orc knight. The orc wizard barely misses you.
The orc knight hits you with a +0 dire flail!
You die...

....# , , ##..#{{ #. ,
.# .).)#, #., , ..,
#))## ,* ## .. * .#* *
* ...# ...#. ,.### , ,
#..# ,, { ...C ,...#
..##{ #####,KT#*.#$#,
#.# ####...####o#...#,
..###.........##♣o..#
...............ooo###,
##...#.###.##.......#
**
##.#.#.#......#.#.#.#
...#.#.#.#....#.#.#.#
...#.#.#.####.#.#.# #
...#.#.#......#.#..,*
...#.#.########.#.#
...#.#.. .....


You could see an orc knight (very drained), a cyclops, a troll, a kobold
brigand, 2 orc wizards and 2 orcs.

Vanquished Creatures
  Pikel (D:4)
  A cyclops (D:10)
  Maurice (D:8)
  Maggie (D:6)
  A troll (D:9)
  A wraith (D:10)
  13 yaks
  2 wyverns
  5 steam dragons
  Menkaure (Ossuary)
  A vampire mosquito (D:6)
  2 water moccasins (D:7)
  2 acid dragons (D:9)
  An ice beast (D:6)
  4 centaurs
  2 phantoms
  5 kobold brigands
  Blork the orc (D:5)
  5 bullfrogs
  A necrophage (D:6)
  3 scorpions (D:5)
  4 wights (D:6)
  16 killer bees
  6 howler monkeys
  A jelly (D:5)
  3 hounds
  6 orc priests
  2 gnoll boudas
  3 iguanas
  3 orc wizards
  Natasha (D:2)
  Terence (D:2)
  A centaur simulacrum (D:10)
  3 mummies (Ossuary)
  7 adders
  11 gnolls
  An ufetubus (D:5)
  5 dart slugs
  21 orcs
  3 ball pythons
  6 endoplasms
  4 giant cockroaches
  4 hobgoblins
  A jackal (D:4)
  4 quokkas
  3 bats
  6 gnoll skeletons (Ossuary)
  3 gnoll zombies (Ossuary)
  7 goblins
  3 goblin zombies (Ossuary)
  6 hobgoblin skeletons (Ossuary)
  3 hobgoblin zombies (Ossuary)
  29 kobolds
  5 kobold skeletons (Ossuary)
  2 kobold zombies (Ossuary)
  4 orc skeletons (Ossuary)
  8 orc zombies (Ossuary)
  3 rats (D:2)
  4 rat skeletons (Ossuary)
  6 rat zombies (Ossuary)
263 creatures vanquished.

Vanquished Creatures (others)
  An orc (D:5)
  3 plants (D:2)
4 creatures vanquished.

Grand Total: 267 creatures vanquished

Notes
Turn   | Place    | Note
-------+----------+-------------------------------------------
     0 | D:1      | DEFE the Demonspawn Wanderer began the quest for the Orb.
     0 | D:1      | DEFE set off with the following items: a +2 dagger, a
                  | potion of berserk rage, a wand of flame (7), a scroll of
                  | fear, a +0 robe; and the following spell memorised: Beastly
                  | Appendage; and the following spells available to memorise:
                  | Spider Form.
     0 | D:1      | Reached XP level 1. HP: 13/13 MP: 4/4
    56 | D:1      | Reached skill level 1 in Fighting
   177 | D:1      | Gained mutation: You have a pair of small antennae on your
                  | head. [demonic ancestry]
   177 | D:1      | Reached XP level 2. HP: 20/22 MP: 6/6
   756 | D:2      | Gained mutation: You passively map a small area around you.
                  | [potion of mutation]
   756 | D:2      | Gained mutation: You are somewhat resistant to further
                  | mutation. [potion of mutation]
   758 | D:2      | Gained mutation: You regenerate a little health from kills.
                  | [demonic ancestry]
   758 | D:2      | Reached XP level 3. HP: 6/28 MP: 7/7
   996 | D:2      | Noticed Terence
  1057 | D:2      | Killed Terence
  1237 | D:2      | Gained mutation: You are partially covered in rugged brown
                  | scales. (AC +1, +3% HP) [demonic ancestry]
  1237 | D:2      | Reached XP level 4. HP: 25/38 MP: 8/8
  1351 | D:2      | Noticed Natasha
  1364 | D:2      | Killed Natasha
  1749 | D:2      | Found a runed translucent door.
  1750 | D:2      | Noticed Crazy Yiuf
  1793 | D:2      | Noticed Natasha
  2252 | D:3      | Found an iron altar of Okawaru.
  2287 | D:3      | Became a worshipper of Warmaster Okawaru
  2604 | D:3      | Found Paxtomadd's Assorted Antiques.
  2643 | D:3      | Found Foriesch's Book Shoppe.
  2852 | D:3      | Found a blossoming altar of Fedhas.
  2866 | D:3      | Noticed an oklob plant
  3145 | D:3      | Bought a warped marble ring for 125 gold pieces
  3145 | D:3      | Identified the ring of Circularity {rF+ Int+6 Dex+2 Stlth-}
                  | (You bought it in a shop on level 3 of the Dungeon)
  3207 | D:4      | Found a sand-covered staircase.
  3211 | Ossuary  | Entered an ossuary
  3466 | Ossuary  | Reached skill level 1 in Polearms
  3645 | Ossuary  | Reached XP level 5. HP: 44/44 MP: 9/9
  3950 | Ossuary  | Noticed Menkaure
  3969 | Ossuary  | Killed Menkaure
  3970 | Ossuary  | Reached skill level 5 in Fighting
  3970 | Ossuary  | Gained mutation: You regenerate health from kills. [demonic
                  | ancestry]
  3970 | Ossuary  | Reached XP level 6. HP: 8/52 MP: 10/10
  4212 | D:4      | Noticed Pikel
  4228 | D:4      | Killed Pikel
  4228 | D:4      | Reached * piety under Okawaru
  4228 | D:4      | Reached ** piety under Okawaru
  4229 | D:4      | Gained mutation: You are mostly covered in rugged brown
                  | scales. (AC +2, +5% HP) [demonic ancestry]
  4229 | D:4      | Reached XP level 7. HP: 33/61 MP: 11/11
  4303 | D:4      | Found an ornate altar of the Wu Jian Council.
  4318 | D:4      | Found a sacrificial altar of Ru.
  4397 | D:4      | Found a hazy altar of Hepliaklqana.
  4596 | D:4      | Found Ihoun's Vocational Training.
  4633 | D:4      | Found a radiant altar of Vehumet.
  4940 | D:4      | Noticed an angel
  4956 | D:4      | Found a basalt altar of Yredelemnul.
  4959 | D:4      | Noticed a profane servitor
  5025 | D:5      | Entered Level 5 of the Dungeon
  5041 | D:4      | Reached skill level 1 in Invocations
  5154 | D:5      | Found Caupil's General Store.
  5164 | D:5      | Bought a +0 ring mail for 52 gold pieces
  5264 | D:5      | Reached XP level 8. HP: 39/70 MP: 12/12
  5433 | D:5      | Found a shadowy altar of Dithmenos.
  5450 | D:5      | Reached skill level 5 in Polearms
  5618 | D:5      | Noticed Blork the orc
  5636 | D:5      | Killed Blork the orc
  5900 | D:5      | Found a staircase to the Ecumenical Temple.
  6000 | D:5      | Found a stormy altar of Qazlal.
  6276 | D:5      | Found a shimmering altar of Xom.
  6709 | D:6      | Found a transporter.
  6730 | D:6      | Noticed Maggie
  6741 | D:6      | Reached skill level 5 in Invocations
  7252 | D:6      | Identified the +8 mace of Defiance {freeze, Dex+3}
  7297 | D:6      | Reached XP level 9. HP: 77/77 MP: 13/13
  7434 | D:6      | Killed Maggie
  7681 | D:6      | Found a transporter.
  7809 | D:7      | Found the +7 staff of the Meek {protect, meekguard}
  7877 | D:7      | Found a transporter.
  7877 | D:7      | Noticed Vildbasse's ghost (novice MiFi)
  7882 | D:7      | Found a transporter.
  8008 | D:7      | Reached *** piety under Okawaru
  8354 | D:7      | Found an opulent altar of Gozag.
  8675 | D:8      | Found a transporter.
  9429 | D:8      | Found a transporter.
  9521 | D:8      | Gained mutation: You have a pair of antennae on your head.
                  | [demonic ancestry]
  9521 | D:8      | Reached XP level 10. HP: 62/87 MP: 16/16
  9832 | D:8      | Found a broken altar of Ashenzari.
  9837 | D:8      | Found a staircase to the Lair.
  9846 | D:8      | Noticed Maurice
 10594 | D:8      | Killed Maurice
 10635 | D:8      | Found a transporter.
 10665 | D:8      | Found a transporter.
 10755 | D:8      | Found a broken altar of Ashenzari.
 11165 | D:9      | Reached skill level 10 in Fighting
 11340 | D:9      | Found an ancient bone altar of Kikubaaqudgha.
 11340 | D:9      | Found Eteloubi's Eclectic Emporium.
 11490 | D:9      | Reached skill level 1 in Axes
 11537 | D:9      | Found Wubuced's Weapon Boutique.
 11555 | D:9      | Reached **** piety under Okawaru
 11663 | D:9      | Reached skill level 10 in Invocations
 11987 | D:9      | Found a staircase to the Orcish Mines.
 12070 | D:9      | Found Upagh's Neck Hole.
 12147 | D:10     | Entered Level 10 of the Dungeon
 12334 | D:10     | Reached XP level 11. HP: 84/96 MP: 15/19
 12337 | D:10     | Noticed an orc knight
 12378 | D:10     | Slain by an orc knight

Illustrated notes

Levels and vault maps discovered:
D:1:      mrwooster_arrival_statue_3, layout_loops_ring, hex_medium
D:2:      layout_rooms, chequers_serial_rivers_micro_e, chequers_big_river,
          uniq_natasha, uniq_terence, uniq_crazy_yiuf_cottage
D:3:      layout_basic, mainiacjoe_overflow_surrounded_room, tgw_fedhas,
          serial_shops, shop_fountains, nicolae_shop_overgrown_old_shop
D:4:      minmay_opposing_rooms, layout_loops_ring,
          grunt_temple_overflow_holy_war, mainiacjoe_overflow_alcove_1,
          jmf_multi_god_temple, mainiacjoe_overflow_concentric_impassable,
          enter_ossuary_5, nicolae_shop_vocational, uniq_pikel
D:5:      layout_loops_ring, lemuel_coloured_pillars_altar,
          nicolae_qazlal_general_emergency, mainiacjoe_overflow_six_doors_small,
          nicolae_dithmenos_shadow_blocks, lemuel_temple_firewalk_b,
          serial_shops, nicolae_shop_hallway_stairs, uniq_blork_the_orc
D:6:      gammafunk_cloud_chamber, layout_rooms, minmay_small_thing, uniq_maggie
D:7:      layout_basic, nicolae_gozag_cash_rules_everything_around_me,
          gammafunk_ghost_hive
D:8:      gammafunk_wand_slinger, layout_gridville,
          mainiacjoe_overflow_cross_hatched, uniq_maurice
D:9:      nicolae_cairo_tiling_large_dashed, layout_gridville,
          nicolae_kikubaaqudgha_miasma_corner, serial_shops, shop_fountains,
          serial_park_tiny_pond, nicolae_alphabet_shops,
          nicolae_shop_sticking_my_neck_out
D:10:     layout_basic, minmay_pinched_square

Skill      XL: |  1  2  3  4  5  6  7  8  9 10 11 |
---------------+----------------------------------+-----
Fighting       | 1 2 3 4 5 6 7 8 9 10 | 10.8
Polearms       | 1 2 4 6 7 8 9 |  9.1
Invocations    | 2 5 8 10 | 10.9
Axes           | 3 |  3.5
Dodging        | |  1.0
Stealth        | |  2.6
Spellcasting   | |  3.0
Evocations     | |  3.0

Action                     |  1- 3 |  4- 6 |  7- 9 | 10-12 || total
---------------------------+-------+-------+-------+-------++-------
  Melee: Dagger            |    86 |    29 |       |       ||   115
         Punch             |     2 |     6 |    11 |       ||    19
         Unarmed           |     5 |       |       |       ||     5
         Whip              |       |   252 |   215 |       ||   467
         Mace              |       |       |   181 |       ||   181
         Glaive            |       |       |     6 |   198 ||   204
  Throw: Throwing net      |       |       |     1 |       ||     1
 Invoke: Heroism           |       |       |    11 |     9 ||    20
  Evoke: Wand              |     6 |     1 |     1 |     4 ||    12
    Use: Potion            |     1 |     4 |     1 |     3 ||     9
         Scroll            |     1 |     6 |     3 |     1 ||    11
   Stab: Sleeping          |     3 |       |       |       ||     3
 Armour: Robe              |    15 |       |       |       ||    15
         Chain mail        |    18 |   144 |   381 |   182 ||   725
         Skin              |     7 |       |       |     8 ||    15
  Dodge: Dodged            |    49 |    57 |   193 |   123 ||   422

Table legend: (Time is in decaauts)
 A = Elapsed time spent in this place.
 B = Non-inter-level travel time spent in this place.
 C = Inter-level travel time spent in this place.
 D = Time resting spent in this place.
 E = Time spent auto-exploring this place.
 F = Levels seen in this place.
 G = Mean time per level.
                   A        B        C        D        E       F      G
               +--------+--------+--------+--------+--------+-----+--------+
         Total |  12494 |  12189 |    305 |   3384 |   6466 |  11 | 1135.8 |
       Dungeon |  11566 |  11261 |    305 |   3122 |   6225 |  10 | 1156.6 |
       Ossuary |    927 |    927 |      0 |    262 |    241 |   1 |  927.0 |
               +--------+--------+--------+--------+--------+-----+--------+

Top non-repeatable levels by time:
     D:8: 1864 daAuts
     D:7: 1511 daAuts
     D:5: 1474 daAuts
     D:2: 1307 daAuts
     D:3: 1175 daAuts
     D:4: 1146 daAuts
     D:6: 1134 daAuts
     D:9: 1032 daAuts
 Ossuary: 927 daAuts
     D:1: 686 daAuts
    D:10: 233 daAuts
